Map: Orbital Shipyard

Players

Miszu - Winner!

  • Race: Terran Terran
  • League: Master

kauP

  • Race: Terran Terran
  • League: Master

VOD

Have the link to the VOD?

Description

Time

  • Played on: Feb. 2, 2016, 4:31 p.m.
  • Length: 12:46
Show
View Real Time Build Order
Export as new Build Order

Miszu Terran - Winner!

Build Orders: Bio Tank 

Get SALT Encoding   

  12  0:01  SCV  
  13  0:13  SCV  
  14  0:18  Supply Depot  
  14  0:25  SCV  
  15  0:39  SCV  
  15  0:40  Barracks  
  16  0:51  SCV  
  16  0:55  Refinery  
  17  1:04  SCV  
  18  1:16  SCV  
  19  1:30  Orbital Command  
  19  1:41  Command Center  
  19  1:47  Barracks Reactor  
  19  1:49  Supply Depot  
  19  1:56  SCV  
  20  2:10  SCV  
  21  2:17  Factory  
  21  2:23  Marine x2, SCV  
  21  2:26  Bunker  
  24  2:32  Refinery  
  24  2:35  SCV  
  25  2:41  Marine x2  
  26  2:53  SCV  
  26  2:58  Orbital Command  
  27  3:03  Starport  
  27  3:05  SCV  
  28  3:11  Marine  
  28  3:12  Factory Tech Lab  
  29  3:17  SCV  
  30  3:20  Marine  
  30  3:24  SCV  
  32  3:30  Siege Tank  
  32  3:31  SCV  
  36  3:37  Marine  
  36  3:38  Marine  
  36  3:41  Viking  
  40  3:43  SCV  
  40  3:45  SCV  
  41  3:54  Marine  
  41  3:56  Marine, SCV  
  41  3:57  Supply Depot  
  41  3:59  SCV  
  44  4:08  SCV  
  45  4:11  SCV  
  46  4:19  Siege Tank  
  46  4:20  Supply Depot  
  46  4:23  Barracks  
  49  4:25  Barracks  
  49  4:31  SCV x2  
  51  4:36  Supply Depot  
  51  4:38  Starport Reactor, Marine  
  52  4:43  Engineering Bay, SCV  
  52  4:45  SCV  
  54  4:51  Siege Tank  
  57  4:55  SCV  
  57  4:57  SCV  
  57  4:59  Supply Depot  
  59  5:00  Refinery, Marine  
  60  5:07  SCV  
  60  5:09  SCV  
  60  5:11  Barracks Tech Lab  
  60  5:12  Barracks Tech Lab  
  60  5:13  Terran Infantry Weapons Level 1  
  62  5:15  Marine  
  62  5:19  SCV  
  64  5:21  Refinery  
  64  5:22  Supply Depot  
  64  5:23  SCV  
  65  5:31  SCV  
  65  5:32  Stimpack  
  65  5:33  Barracks x2  
  65  5:35  Marine  
  66  5:37  SCV  
  66  5:39  Supply Depot  
  68  5:43  SCV  
  63  5:58  SCV  
  63  6:02  SCV  
  63  6:04  Marine  
  66  6:05  Marine  
  66  6:06  Marine  
  66  6:07  Medivac  
  66  6:10  Medivac, SCV  
  73  6:17  Marine  
  74  6:18  Combat Shields  
  74  6:21  Barracks Reactor x2, Marine  
  74  6:23  Marine  
  76  6:37  Marine x2  
  76  6:38  Medivac, Siege Tank  
  76  6:39  Marine  
  84  6:40  Marine  
  84  6:54  Marine  
  85  7:01  SCV  
  85  7:02  Marauder  
  85  7:03  Marine x2  
  85  7:05  SCV  
  85  7:06  Supply Depot  
  91  7:09  Barracks Tech Lab  
  91  7:10  Supply Depot  
  91  7:13  SCV  
  91  7:14  Command Center  
  87  7:17  Marine  
  87  7:18  Marine, Marauder  
  91  7:23  Marauder  
  92  7:34  Marine  
  92  7:35  Marauder  
  90  7:44  Marine, Marauder  
  90  7:45  Medivac x2, Siege Tank  
  90  7:48  Supply Depot x2  
  90  7:49  Terran Infantry Armor Level 1  
  90  8:11  Marauder  
  90  8:12  Marine, Marauder  
  86  8:13  Marine x3, Marauder  
  86  8:15  Medivac  
  86  8:16  Medivac  
  86  8:17  Siege Tank  
  84  8:29  Marine  
  84  8:30  Marine  
  84  8:33  Marauder  
  85  8:36  Marine  
  85  8:37  Marauder  
  85  8:38  Orbital Command  
  87  8:49  Marine, Siege Tank  
  87  8:50  Marauder  
  87  8:52  Marine  
  87  8:54  Marauder  
  96  8:56  SCV  
  96  8:58  Marauder, SCV  
  99  9:08  SCV  
  96  9:13  Marauder  
  81  9:24  Marine  
  81  9:25  Marine x4, Marauder  
  86  9:34  Marine  
  84  9:40  Medivac x2, Siege Tank  
  84  9:42  Marine  
  84  9:43  Marine x4  
  93  9:46  Marauder  
  93  9:52  Marine  
  89  10:00  Marine x3  
  89  10:01  Marauder  
  89  10:07  Marauder  
  89  10:09  Marine  
  89  10:10  Marauder  
  89  10:12  Siege Tank  
  97  10:18  Marine  
  85  10:22  Marauder  
  85  10:27  Marine  
  85  10:28  Marine  
  84  10:29  Marauder  
  84  10:32  Marauder  
  80  10:44  Marauder  
  80  10:46  Marine  
  80  10:47  Marine x2  
  80  10:48  Marine  
  83  10:50  Marauder  
  83  10:53  Marauder  
  83  10:54  Medivac x2, Siege Tank  
  83  10:55  Engineering Bay  
  83  10:57  Armory  
  94  10:58  Refinery x2, Command Center  
  94  11:02  SCV  
  94  11:03  SCV  
  96  11:04  Marine  
  96  11:05  Marine x3  
  96  11:06  Marine  
  101  11:12  Marauder  
  101  11:15  Marauder  
  104  11:22  Marine  
  104  11:23  Marine x3, Marauder  
  110  11:33  Marauder  
  110  11:36  Marauder  
  114  11:40  Marine x2  
  114  11:41  Marine x2  
  114  11:44  Marauder  
  120  11:54  Marauder  
  120  11:57  Marauder  
  120  11:58  Marine x2  
  120  11:59  Marine x2  
  128  12:05  Marine  
  129  12:15  Marine x2  
  116  12:16  Marine x2  
  116  12:17  Marine  
  116  12:18  Marine  
  113  12:24  Marauder  
Show
View Real Time Build Order
Export as new Build Order

kauP Terran 

Build Orders: 1/1/1, Cyclone Opening, Mech 

Get SALT Encoding   

  12  0:01  SCV  
  13  0:13  SCV  
  14  0:17  Supply Depot  
  14  0:25  SCV  
  14  0:27  Refinery  
  15  0:39  SCV  
  16  0:45  Barracks  
  16  0:51  SCV  
  16  0:56  Refinery  
  17  1:03  SCV  
  18  1:16  SCV  
  19  1:33  Orbital Command  
  19  1:35  Factory  
  19  1:39  Reaper  
  20  1:52  Supply Depot  
  20  1:58  SCV  
  21  2:10  SCV  
  21  2:11  Reaper  
  23  2:19  Starport, Factory Tech Lab  
  24  2:22  SCV  
  24  2:25  Supply Depot  
  24  2:34  SCV  
  25  2:40  Cyclone  
  28  2:47  SCV  
  29  2:52  Barracks Reactor  
  29  2:59  SCV  
  29  3:00  Liberator  
  30  3:08  Command Center  
  30  3:16  SCV  
  34  3:23  Supply Depot  
  34  3:30  Marine x2  
  34  3:31  SCV  
  37  3:44  Liberator  
  37  3:52  SCV  
  40  4:04  SCV  
  40  4:07  Barracks Tech Lab  
  40  4:08  Supply Depot  
  41  4:10  Refinery, Hellion x2  
  41  4:12  Refinery  
  41  4:16  SCV  
  46  4:24  Orbital Command  
  46  4:28  SCV  
  47  4:40  SCV  
  48  4:46  Command Center  
  48  4:53  SCV x2  
  48  4:59  Factory  
  50  5:05  Factory, SCV x2  
  52  5:15  Hellion x2  
  56  5:21  SCV x2  
  56  5:26  Armory  
  58  5:29  Starport Reactor  
  58  5:33  SCV  
  58  5:34  SCV  
  60  5:38  Supply Depot  
  60  5:46  SCV x2  
  60  5:48  Hellion x2  
  66  6:00  SCV x2, Orbital Command  
  66  6:02  Infernal Pre-Igniter  
  65  6:05  Siege Tank  
  68  6:13  Siege Tank  
  68  6:16  Terran Vehicle Weapons Level 1  
  71  6:18  Liberator x2  
  71  6:19  SCV x2  
  71  6:22  Orbital Command  
  73  6:27  Supply Depot  
  76  6:42  Siege Tank  
  76  6:43  Hellion x2, SCV  
  76  6:45  Siege Tank  
  87  6:54  SCV x2  
  88  7:04  Supply Depot  
  88  7:05  Supply Depot  
  88  7:15  Siege Tank  
  88  7:17  Siege Tank  
  90  7:26  SCV x2  
  92  7:35  SCV  
  87  7:38  Refinery, SCV x2  
  89  7:44  Engineering Bay  
  89  7:46  Hellion x2  
  89  7:47  Factory, Siege Tank, SCV  
  89  7:49  Factory, Siege Tank  
  89  7:50  SCV  
  89  7:51  SCV  
  102  7:53  Factory  
  94  8:10  SCV x2  
  76  8:21  Siege Tank x2  
  76  8:22  Hellion x2, SCV x3  
  76  8:34  SCV x3  
  78  8:43  Hellion x2  
  78  8:46  SCV x2  
  78  8:47  SCV  
  85  8:49  Missile Turret  
  85  8:52  Missile Turret  
  85  8:53  Siege Tank  
  85  8:54  Hellion  
  89  9:05  Hellion x2  
  88  9:10  Hellion  
  88  9:11  Hellion x2  
  88  9:15  Siege Tank  
  94  9:17  SCV x2  
  94  9:22  Missile Turret x2  
  94  9:25  Siege Tank  
  94  9:26  Hellion  
  94  9:29  Hellion  
  97  9:31  Hellion  
  97  9:32  SCV x2  
  97  9:33  SCV  
  96  9:44  SCV x2  
  96  9:47  Siege Tank  
  96  9:48  Hellion x3  
  102  9:58  Siege Tank  
  93  10:08  Hellion x2  
  93  10:09  Hellion, SCV x2  
  93  10:10  SCV  
  102  10:15  Refinery  
  102  10:19  Siege Tank  
  94  10:30  Siege Tank  
  95  10:41  Hellion x3  
  95  10:42  Hellion x2  
  98  10:43  Liberator x2  
  98  10:51  Siege Tank  
  101  11:01  SCV x2  
  101  11:02  Hellion, Siege Tank  
  114  11:09  SCV  
  115  11:13  SCV x2  
  117  11:38  Supply Depot  
  117  11:39  Hellion, Siege Tank  
  124  11:40  Supply Depot, Liberator  
  124  11:50  Missile Turret  
  124  11:55  Supply Depot  
  124  11:56  Factory Tech Lab  
  124  11:57  Factory Tech Lab, Factory Reactor  
  124  12:00  Hellion, Siege Tank, SCV x3  
Tags
 
Add a new tag
Caveats
  • Supply blocks, unpowered buildings, or Contaminate may cause inaccurate times.
  • Supply counts are checked every 10 seconds.